 Dungeon Crawl Stone Soup version 0.19.1 (console) character file.

28454 Kloppie the Fencer (level 13, -7/109 HPs)
             Began as a Demonspawn Berserker on Dec 9, 2016.
             Was a High Priest of Trog.
             Killed from afar by an electric eel (9 damage)
             ... with a bolt of electricity
             ... on level 4 of the Lair of Beasts.
             The game lasted 00:20:08 (14962 turns).

Kloppie the Fencer (Demonspawn Berserker)          Turns: 14962, Time: 00:20:08

Health: -7/109     AC: 18    Str: 17    XL:     13   Next: 9%
Magic:  13/13      EV:  8    Int: 11    God:    Trog [*****.]
Gold:   981        SH:  4    Dex: 18    Spells: 0 memorised, 12 levels left

rFire  + . .     SeeInvis .     b - +3 scimitar (flame)
rCold  + . .     Gourm    .     f - +0 chain mail
rNeg   . . .     Faith    .     (no shield)
rPois  .         Spirit   .     (no helmet)
rElec  .         Reflect  +     E - +1 cloak
rCorr  .         Harm     .     (no gloves)
MR     ++...                    B - +2 pair of boots
Stlth  ..........               n - +4 amulet of reflection
                                F - ring of protection from cold
                                v - ring of flight

@: exhausted, regenerating, slowed, very slow
A: talons 2, molten scales 2, clever 1, fire resistance 1, spiny 2, flame cloud
immunity
a: Berserk, Trog's Hand, Brothers in Arms, Burn Spellbooks, Renounce Religion,
Evoke Flight


You were on level 4 of the Lair of Beasts.
You worshipped Trog.
Trog was extremely pleased with you.
You were hungry.

You visited 2 branches of the dungeon, and saw 14 of its levels.
You also visited: Ice Cave.

You collected 981 gold pieces.

Inventory:

Hand Weapons
 a - a +5 great sword of draining
 b - a +3 scimitar of flaming (weapon)
 K - a +1 rapier of speed
Armour
 f - a +0 chain mail (worn)
 B - a +2 pair of boots (worn)
 E - a +1 cloak (worn)
Jewellery
 n - a +4 amulet of reflection (around neck)
 v - a ring of flight (left hand)
 F - a ring of protection from cold (right hand)
Wands
 u - a wand of random effects (35/48)
 C - a wand of random effects (18/48)
Scrolls
 g - a scroll of enchant weapon
 i - 3 scrolls of fog
 j - 6 scrolls of teleportation
 l - a scroll of acquirement
 p - 3 scrolls of enchant armour
 q - 3 scrolls of magic mapping
 r - 8 scrolls of remove curse
 s - a scroll of summoning
 t - a scroll of silence
 y - 4 scrolls of recharging
 A - 2 scrolls of blinking
 I - 5 scrolls of identify
Potions
 e - 3 potions of curing
 h - a potion of brilliance
 z - a potion of flight
 N - 2 potions of might
 Q - 2 potions of heal wounds
Comestibles
 c - 6 bread rations
 d - 2 chunks of flesh
 m - 3 slices of pizza
 o - 7 beef jerkies
 w - 3 meat rations
 x - 10 fruits


   Skills:
 - Level 12.6 Fighting
 + Level 15.5 Long Blades
 - Level 6.0 Armour
 - Level 1.7 Dodging


You had 12 spell levels left.
You didn't know any spells.

Dungeon Overview and Level Annotations

Branches:
Dungeon (10/15)            Temple (0/1) D:7            Lair (4/6) D:9
 Shoals (0/4) Lair:3        Snake (0/4) Lair:2
    Orc: D:9-12

Altars:
Cheibriados
Okawaru
Ru
The Shining One


Innate Abilities, Weirdness & Mutations

You have razor-sharp toenails.
You are mostly covered in molten scales. (AC +3)
Your flesh is heat resistant. (rF+)
You are mostly covered in sharp spines.
You are immune to clouds of flame.
Your mind is acute. (Int +2)


Message History

The bolt of electricity hits the electric eel.
The electric eel completely resists.
You slice the electric eel!! You burn the electric eel.
You kill the electric eel!
Trog accepts your kill.
You miss the electric eel.
You are too berserk!
You miss the electric eel. You slash the electric eel!
You burn the electric eel.
The electric eel is severely wounded.
You closely miss the electric eel.
The electric eel is severely wounded.
You are no longer berserk.
You are exhausted.
You feel yourself slow down.
The electric eel shoots out a bolt of lightning at you!
The bolt of electricity hits you!
* * * LOW HITPOINT WARNING * * *
The bolt of electricity hits you!
You die...

... #....# ......
....##....#
...................#
...................##
...................≈# ≈
..............#..≈≈≈##≈≈
..................≈≈≈≈≈≈
..............#.@;≈≈≈≈≈≈
................≈≈≈≈≈≈##
..............≈≈≈≈≈≈≈##
..............#≈≈≈≈≈≈#
#............#..≈≈≈≈##
.............#..≈≈≈≈#
###.......###...≈≈≈##
####..###.####...≈≈#
.....#..##.# #....≈###


You could see an electric eel.

Vanquished Creatures
  A hydra (Lair:2)
  Erica (Lair:1)
  A hill giant (D:10)
  Pikel (D:8)
  2 ugly things (IceCv)
  5 elephants
  2 black mambas (Lair:3)
  3 ice statues (IceCv)
  4 spiny frogs
  4 komodo dragons
  3 trolls
  Prince Ribbit (D:7)
  4 merfolk (Lair:3)
  5 blink frogs (Lair:3)
  A hornet (D:10)
  A hippogriff (D:7)
  A two-headed ogre (D:10)
  33 yaks
  A wraith (D:10)
  Eustachio (D:6)
  A basilisk (Lair:1)
  A hungry ghost (D:9)
  3 nagas (Lair:2)
  3 porcupines
  11 ice beasts
  11 water moccasins
  3 sky beasts
  An eye of draining (D:10)
  2 orc warriors
  A black bear (D:6)
  9 ogres
  2 phantoms
  5 wolves (Lair:1)
  6 centaurs
  8 crocodiles
  6 big kobolds
  13 bullfrogs
  A wyvern skeleton (D:8)
  2 scorpions (D:9)
  13 killer bees
  3 wights (D:10)
  2 vampire bats (Lair:2)
  An electric eel (Lair:4)
  3 howler monkeys (D:7)
  5 crimson imps
  2 bullfrog zombies
  9 hounds
  A quasit (D:10)
  A centaur zombie (D:10)
  3 gnoll shamans
  2 jellies
  17 orc wizards
  3 orc priests
  3 centaur skeletons
  A bullfrog skeleton (D:5)
  Natasha (thrice) (D:3)
  9 iguanas
  7 worker ants
  A hound skeleton (D:5)
  13 adders
  22 gnolls
  A shadow imp (D:6)
  12 white imps (Lair:1)
  3 oozes
  A worm (D:3)
  3 dart slugs
  6 leopard geckos
  33 orcs
  A ball python (D:4)
  8 giant cockroaches
  38 goblins
  16 hobgoblins
  10 jackals
  6 quokkas
  A ball python skeleton (D:4)
  16 bats
  2 frilled lizards
  24 kobolds
  A leopard gecko skeleton (D:9)
  9 rats
479 creatures vanquished.

Vanquished Creatures (collateral kills)
  Sonja (Lair:1)
1 creature vanquished.

Vanquished Creatures (others)
  3 slaves (D:8)
  A wolf (D:8)
  A crimson imp (D:8)
  A worker ant (D:8)
  2 fungi (Lair:3)
  A plant (Lair:3)
9 creatures vanquished.

Grand Total: 489 creatures vanquished

Notes
Turn   | Place    | Note
-------+----------+-------------------------------------------
     0 | D:1      | Kloppie the Demonspawn Berserker began the quest for the Orb.
     0 | D:1      | Reached XP level 1. HP: 18/18 MP: 1/1
    67 | D:1      | Reached skill level 3 in Long Blades
    76 | D:1      | Gained mutation: You are partially covered in molten scales. (AC +2) [demonic ancestry]
    76 | D:1      | Reached XP level 2. HP: 21/24 MP: 2/2
   377 | D:1      | Reached ** piety under Trog
   377 | D:1      | Gained mutation: You are partially covered in sharp spines. [demonic ancestry]
   377 | D:1      | Reached XP level 3. HP: 28/29 MP: 3/3
   770 | D:2      | Reached skill level 4 in Long Blades
  1071 | D:2      | Gained mutation: You are mostly covered in molten scales. (AC +3) [demonic ancestry]
  1071 | D:2      | Reached XP level 4. HP: 34/35 MP: 4/4
  1818 | D:3      | Reached skill level 5 in Long Blades
  1878 | D:3      | Noticed Natasha
  1894 | D:3      | Killed Natasha
  1894 | D:3      | Reached XP level 5. HP: 41/41 MP: 5/5
  2062 | D:3      | Noticed Natasha
  2070 | D:3      | Killed Natasha
  2070 | D:3      | Reached skill level 6 in Long Blades
  2168 | D:3      | Noticed Natasha
  2178 | D:3      | Killed Natasha
  2178 | D:3      | Gained mutation: You are mostly covered in sharp spines. [demonic ancestry]
  2178 | D:3      | Reached XP level 6. HP: 45/47 MP: 6/6
  2283 | D:4      | Reached *** piety under Trog
  2959 | D:4      | Reached skill level 7 in Long Blades
  2998 | D:4      | Reached **** piety under Trog
  3006 | D:4      | Reached XP level 7. HP: 35/52 MP: 7/7
  3277 | D:4      | Reached skill level 8 in Long Blades
  3902 | D:5      | Entered Level 5 of the Dungeon
  4237 | D:5      | Reached skill level 9 in Long Blades
  4237 | D:5      | Reached XP level 8. HP: 58/58 MP: 8/8
  4830 | D:5      | Reached skill level 10 in Long Blades
  4887 | D:6      | Reached ***** piety under Trog
  5137 | D:6      | Noticed Eustachio
  5138 | D:6      | Gained mutation: Your mind is acute. (Int +2) [potion of beneficial mutation]
  5150 | D:6      | Killed Eustachio
  5150 | D:6      | Reached skill level 11 in Long Blades
  5150 | D:6      | Reached XP level 9. HP: 61/63 MP: 9/9
  5258 | D:6      | Noticed a troll
  5266 | D:6      | Killed a troll
  5306 | D:6      | Found a sacrificial altar of Ru.
  5306 | D:6      | Found an iron altar of Okawaru.
  5307 | D:6      | Found a glowing golden altar of the Shining One.
  5739 | D:7      | Reached skill level 12 in Long Blades
  5789 | D:7      | Noticed Prince Ribbit
  5791 | D:7      | Found a staircase to the Ecumenical Temple.
  5800 | D:7      | Killed Prince Ribbit
  5875 | D:7      | Received a gift from Trog
  5937 | D:7      | HP: 3/63 [asphyx]
  6062 | D:7      | Reached skill level 13 in Long Blades
  6062 | D:7      | Gained mutation: Your flesh is heat resistant. (rF+) [demonic ancestry]
  6062 | D:7      | Reached XP level 10. HP: 46/70 MP: 10/10
  6647 | D:7      | Reached skill level 5 in Fighting
  6807 | D:8      | Noticed Pikel
  6819 | D:8      | Killed Pikel
  7672 | D:9      | Found a staircase to the Lair.
  7675 | D:9      | Noticed an elephant
  7702 | D:9      | Killed an elephant
  7721 | D:9      | Received a gift from Trog
  7977 | D:9      | Found a snail-covered altar of Cheibriados.
  8304 | D:9      | Gained mutation: You have sharp toenails. [demonic ancestry]
  8304 | D:9      | Reached XP level 11. HP: 86/86 MP: 11/11
  8315 | D:9      | Reached skill level 14 in Long Blades
  8547 | D:10     | Entered Level 10 of the Dungeon
  8569 | D:10     | Reached ****** piety under Trog
  8711 | D:10     | Noticed a hill giant
  8722 | D:10     | Killed a hill giant
  9152 | D:10     | Reached skill level 10 in Fighting
  9784 | Lair:1   | Entered Level 1 of the Lair of Beasts
  9803 | Lair:1   | Received a gift from Trog
  9841 | Lair:1   | Found a frozen archway.
  9881 | IceCv    | Entered an ice cave
 10101 | IceCv    | Noticed a white ugly thing
 10113 | IceCv    | Killed a white ugly thing
 10513 | IceCv    | Noticed a white ugly thing
 10544 | IceCv    | Killed a white ugly thing
 10544 | IceCv    | Gained mutation: You are immune to clouds of flame. [demonic ancestry]
 10544 | IceCv    | Reached XP level 12. HP: 75/102 MP: 12/12
 10939 | Lair:1   | Identified a scroll of acquirement
 11226 | Lair:1   | Noticed Sonja
 11233 | Lair:1   | Killed Sonja
 11530 | Lair:1   | Noticed Erica
 11545 | Lair:1   | Killed Erica
 12438 | Lair:2   | Found a staircase to the Snake Pit.
 12452 | Lair:2   | Reached skill level 5 in Armour
 12588 | Lair:2   | Noticed a four-headed hydra
 12594 | Lair:2   | Killed a one-headed hydra
 13569 | Lair:3   | Reached skill level 15 in Long Blades
 13888 | Lair:3   | Found a staircase to the Shoals.
 13914 | Lair:3   | Received a gift from Trog
 14028 | Lair:3   | Gained mutation: You have razor-sharp toenails. [demonic ancestry]
 14028 | Lair:3   | Reached XP level 13. HP: 83/109 MP: 13/13
 14577 | Lair:4   | HP: 5/109 [poisoned by a spiny frog]
 14583 | Lair:4   | HP: 5/109 [poisoned by a spiny frog]
 14591 | Lair:4   | HP: 5/109 [poisoned by a spiny frog]
 14962 | Lair:4   | HP: 2/109 [electric eel/bolt of electricity (8)]
 14962 | Lair:4   | Killed from afar by an electric eel

Skill      XL: |  1  2  3  4  5  6  7  8  9 10 11 12 |
---------------+-------------------------------------+-----
Long Blades    | 3 4 5 6 7 9 11 13 14 15 | 15.5
Fighting       | 7 12 | 12.6
Armour         | 6 |  6.0
Dodging        | |  1.7

Action                   |  1- 3 |  4- 6 |  7- 9 | 10-12 | 13-15 || total
-------------------------+-------+-------+-------+-------+-------++-------
Melee: Falchion          |   106 |   160 |   376 |   649 |       ||  1291
       Scimitar          |       |       |       |   381 |    58 ||   439
Invok: Berserk           |     1 |     1 |     6 |    12 |     2 ||    22
       Trog's Hand       |       |       |     1 |     1 |     1 ||     3
       Brothers in Arms  |       |       |       |     1 |       ||     1
Evoke: Wand              |       |       |       |     1 |       ||     1
  Use: Scroll            |       |       |    13 |     8 |       ||    21
       Potion            |       |       |    12 |     3 |       ||    15
  Eat: Chunk             |     2 |     6 |    17 |    31 |       ||    56
       Meat ration       |       |       |       |     1 |     1 ||     2
       Royal jelly       |       |       |       |     1 |       ||     1
Armor: Animal skin       |     6 |       |       |       |       ||     6
       Chain mail        |    61 |   117 |   200 |   413 |    19 ||   810
Dodge: Dodged            |    44 |    76 |   114 |   222 |    10 ||   466
Block: Other             |       |       |    23 |   129 |     3 ||   155
       Reflection        |       |       |       |     3 |       ||     3
       Rpst.: Falchion   |    13 |    14 |    26 |    22 |       ||    75
       Scimitar          |       |       |       |    29 |     4 ||    33
